Map: Interloper LE

Players

MaNa - Winner!

  • Race: Protoss Protoss
  • Spawn Location: 11:00

Semper

  • Race: Terran Terran
  • Spawn Location: 5:00

Event: WCS Montreal 2017

VOD

Have the link to the VOD?

Description

Time

  • Played on: Sept. 8, 2017, 8:18 p.m.
  • Length: 24:38

All games in this series

Show
View Real Time Build Order
Export as new Build Order

MaNa Protoss - Winner!

Build Orders: Oracle Opening 

Get SALT Encoding   

  12  0:00  Probe (Chrono Boost)  
  13  0:11  Probe (Chrono Boost)  
  14  0:17  Pylon  
  14  0:22  Probe (Chrono Boost)  
  16  0:35  Probe (Chrono Boost)  
  16  0:36  Gateway  
  16  0:46  Probe (Chrono Boost)  
  16  0:47  Assimilator  
  17  0:56  Probe (Chrono Boost)  
  18  0:58  Assimilator  
  18  1:07  Probe (Chrono Boost)  
  19  1:18  Probe (Chrono Boost)  
  20  1:24  Cybernetics Core  
  20  1:28  Probe (Chrono Boost)  
  21  1:38  Pylon  
  21  1:39  Probe (Chrono Boost)  
  22  1:49  Probe (Chrono Boost)  
  23  1:56  Nexus  
  23  2:02  Stargate  
  23  2:09  Adept (Chrono Boost)  
  23  2:12  Probe  
  26  2:17  Warp Gate  
  26  2:24  Probe (Chrono Boost)  
  26  2:29  Pylon  
  27  2:33  Adept (Chrono Boost)  
  27  2:36  Probe (Chrono Boost)  
  30  2:47  Probe (Chrono Boost)  
  30  2:48  Oracle (Chrono Boost)  
  34  2:58  Probe  
  34  3:03  Adept  
  37  3:07  Probe  
  37  3:10  Probe  
  39  3:18  Probe (Chrono Boost)  
  40  3:21  Oracle (Chrono Boost)  
  40  3:23  Probe (Chrono Boost)  
  44  3:30  Probe (Chrono Boost)  
  44  3:33  Probe (Chrono Boost), Pylon  
  46  3:40  Probe (Chrono Boost)  
  47  3:44  Probe (Chrono Boost)  
  48  3:51  Probe (Chrono Boost)  
  48  3:54  Probe (Chrono Boost), Gateway x2  
  50  4:05  Probe (Chrono Boost)  
  50  4:08  Probe (Chrono Boost)  
  48  4:15  Probe (Chrono Boost)  
  49  4:18  Probe (Chrono Boost)  
  49  4:20  Assimilator  
  49  4:21  Assimilator  
  50  4:26  Probe (Chrono Boost)  
  50  4:31  Probe (Chrono Boost)  
  50  4:35  Pylon  
  50  4:36  Twilight Council  
  50  4:37  Probe (Chrono Boost)  
  52  4:40  Forge  
  52  4:45  Nexus  
  52  4:52  Probe x2 (Chrono Boost), Sentry  
  56  4:53  Stalker x2  
  56  4:55  Pylon  
  60  5:04  Mothership Core (Chrono Boost)  
  60  5:06  Blink  
  62  5:09  Gateway  
  62  5:11  Protoss Ground Weapons Level 1 (Chrono Boost)  
  62  5:12  Pylon  
  62  5:20  Gateway  
  62  5:22  Probe  
  62  5:24  Probe  
  63  5:34  Probe  
  60  5:35  Robotics Facility  
  60  5:36  Probe  
  59  5:44  Stalker  
  58  5:50  Probe  
  58  5:52  Probe  
  57  6:02  Probe  
  58  6:05  Phoenix (Chrono Boost)  
  58  6:07  Probe  
  58  6:09  Probe  
  61  6:17  Probe  
  61  6:18  Probe  
  61  6:25  Observer (Chrono Boost)  
  62  6:28  Probe x2  
  62  6:29  Probe  
  64  6:35  Stalker  
  64  6:40  Probe  
  64  6:43  Probe  
  64  6:44  Probe  
  65  6:47  Sentry x2  
  65  6:48  Sentry  
  65  6:52  Probe  
  72  6:57  Observer (Chrono Boost)  
  72  6:59  Probe  
  72  7:02  Resonating Glaives  
  72  7:04  Stalker  
  72  7:05  Stalker  
  72  7:06  Probe (Chrono Boost)  
  72  7:07  Probe (Chrono Boost)  
  78  7:11  Probe (Chrono Boost)  
  77  7:18  Probe (Chrono Boost)  
  78  7:24  Probe x2 (Chrono Boost)  
  78  7:27  Probe (Chrono Boost)  
  78  7:29  Protoss Ground Armor Level 1 (Chrono Boost)  
  81  7:30  Gateway  
  81  7:32  Adept  
  83  7:39  Immortal  
  83  7:42  Probe x3  
  90  7:54  Probe x2  
  90  7:55  Probe  
  90  7:59  Adept x2  
  90  8:05  Adept x2  
  98  8:06  Probe x2  
  98  8:07  Probe  
  101  8:16  Robotics Bay  
  101  8:27  Pylon  
  101  8:28  Pylon  
  101  8:30  Photon Cannon  
  101  8:34  Pylon  
  101  8:36  Pylon  
  101  8:38  Pylon  
  101  8:45  Probe x2  
  103  8:50  Stalker  
  103  8:51  Stalker x3  
  103  8:52  Probe  
  112  8:57  Probe  
  112  9:00  Probe  
  112  9:02  Probe  
  112  9:03  Colossus (Chrono Boost)  
  119  9:10  Probe  
  119  9:13  Probe  
  117  9:20  Probe, Stalker x5  
  117  9:22  Probe  
  127  9:24  Extended Thermal Lance (Chrono Boost)  
  127  9:35  Assimilator  
  127  9:36  Assimilator  
  127  9:40  Protoss Ground Armor Level 2 (Chrono Boost)  
  127  9:42  Gateway  
  127  9:43  Adept x2  
  127  9:45  Gateway  
  131  9:49  Colossus  
  137  10:08  Stalker x2  
  137  10:10  Nexus  
  137  10:12  Pylon  
  137  10:13  Pylon  
  141  10:21  Pylon  
  141  10:25  Pylon  
  140  10:32  Adept x2  
  140  10:33  Adept x4  
  152  10:41  Observer  
  152  10:49  Stalker  
  147  10:52  Stalker  
  147  10:54  Stalker x3  
  147  10:55  Stalker  
  153  11:01  Stalker  
  153  11:02  Stalker  
  132  11:28  Stalker x4  
  132  11:29  Stalker x4  
  132  11:31  Colossus  
  146  11:35  Charge  
  152  11:44  Pylon  
  152  11:49  Pylon  
  152  11:54  Adept x5  
  152  11:55  Adept  
  164  12:07  Probe  
  164  12:08  Probe x2  
  164  12:12  Fleet Beacon  
  163  12:22  Adept x3  
  163  12:23  Adept x5  
  163  12:28  Colossus  
  185  12:36  Stargate  
  183  12:51  Photon Cannon  
  183  12:57  Probe  
  183  12:58  Probe  
  184  12:59  Photon Cannon  
  176  13:13  Probe  
  176  13:14  Probe x2  
  176  13:15  Probe  
  169  13:22  Colossus, Tempest  
  169  13:23  Probe, Tempest  
  169  13:26  Probe x2  
  190  13:27  Probe  
  190  13:34  Probe  
  191  13:38  Probe x3  
  192  13:44  Probe  
  192  13:46  Adept x2  
  179  13:51  Stalker x4  
  183  13:57  Probe x2  
  185  14:03  Assimilator  
  185  14:06  Assimilator  
  183  14:15  Disruptor  
  183  14:16  Tempest  
  184  14:38  Stalker x6  
  196  15:09  Nexus  
  187  15:17  Zealot x4  
  195  15:26  Gateway  
  195  15:28  Gateway x2  
  191  15:45  Oracle  
  191  15:48  Pylon  
  194  15:54  Disruptor  
  193  16:01  Tempest  
  193  16:06  Pylon  
  193  16:07  Pylon  
  179  16:14  Stalker x8  
  175  16:30  Disruptor  
  132  16:37  Stalker x6  
  132  16:38  Stalker x2  
  131  16:43  Robotics Facility  
  126  16:56  Zealot x3  
  126  17:03  Zealot x2  
  126  17:04  Zealot x6  
  126  17:06  Colossus  
  112  17:23  Zealot x3  
  112  17:24  Zealot  
  112  17:25  Zealot x7  
  96  17:45  Zealot x11  
  107  17:59  Colossus  
  113  18:06  Sentry x2  
  113  18:10  Stalker x5  
  113  18:12  Protoss Ground Weapons Level 2 (Chrono Boost)  
  127  18:19  Robotics Facility  
  117  18:37  Templar Archives  
  114  18:41  Stalker x2  
  114  18:42  Stalker  
  114  18:46  Oracle  
  120  18:53  Observer (Chrono Boost)  
  124  19:09  Mothership Core, Adept  
  134  19:10  Adept x2  
  134  19:13  High Templar x2  
  134  19:14  Colossus (Chrono Boost)  
  134  19:16  Tempest  
  142  19:17  Archon  
  147  19:26  Stalker x2  
  149  19:34  Stalker  
  147  19:43  Stalker  
  149  19:49  Stalker  
  143  20:00  Tempest  
  145  20:17  High Templar x2  
  145  20:21  Archon  
  148  20:22  Zealot x5  
  148  20:26  Assimilator  
  158  20:37  Tempest  
  160  20:55  Stalker x4  
  164  21:16  Stalker x5  
  164  21:17  Zealot  
  170  21:56  Zealot x9  
  170  21:57  Zealot  
  182  22:10  Disruptor (Chrono Boost)  
  182  22:14  Disruptor (Chrono Boost)  
  182  22:26  Zealot x4  
  190  22:34  High Templar x2, Zealot  
  186  22:41  Archon  
  172  22:50  High Templar  
  172  22:51  High Templar, Zealot x2  
  159  23:02  Zealot  
  159  23:03  Archon  
  136  23:49  Phoenix  
  138  24:15  Zealot x2  
Show
View Real Time Build Order
Export as new Build Order

Semper Terran 

Build Orders: MMM Bio 

Get SALT Encoding   

  12  0:00  SCV  
  13  0:12  SCV  
  14  0:17  Supply Depot  
  14  0:24  SCV  
  15  0:39  SCV  
  15  0:41  Barracks  
  16  0:44  Refinery  
  16  0:51  SCV  
  17  1:03  SCV  
  18  1:15  SCV  
  19  1:27  Orbital Command  
  19  1:28  Marine  
  20  1:41  Command Center  
  20  1:47  Barracks Reactor  
  20  1:53  SCV  
  21  1:56  Supply Depot  
  21  2:06  SCV  
  22  2:11  Factory  
  22  2:20  SCV  
  23  2:24  Marine x2  
  25  2:32  SCV, Refinery  
  26  2:42  Marine x2  
  28  2:44  SCV  
  29  2:53  Orbital Command  
  29  2:54  Widow Mine  
  31  2:58  Starport  
  31  3:00  SCV  
  31  3:03  Marine  
  33  3:06  Marine  
  33  3:12  SCV  
  35  3:14  Supply Depot  
  35  3:22  Widow Mine  
  35  3:23  SCV  
  35  3:26  Marine x2  
  40  3:28  SCV  
  41  3:41  SCV  
  41  3:42  Starport Tech Lab  
  41  3:45  Marine x2  
  41  3:48  Supply Depot  
  43  3:49  SCV  
  43  3:52  Widow Mine  
  46  3:58  SCV  
  46  4:02  Cloaking Field  
  47  4:04  Banshee  
  47  4:07  Marine, SCV  
  47  4:08  Marine  
  53  4:12  SCV  
  54  4:20  SCV  
  54  4:24  Widow Mine  
  55  4:26  SCV  
  56  4:33  Marine x2  
  56  4:36  SCV  
  56  4:37  Barracks  
  56  4:38  Barracks  
  58  4:46  SCV  
  58  4:47  Banshee  
  62  4:59  Supply Depot  
  61  5:00  SCV, Engineering Bay  
  61  5:02  Supply Depot  
  61  5:04  Marine x2  
  63  5:07  Factory Tech Lab  
  63  5:08  SCV  
  63  5:12  SCV  
  65  5:20  SCV  
  66  5:24  SCV  
  67  5:32  Banshee  
  67  5:33  SCV  
  69  5:38  Barracks Tech Lab  
  69  5:41  Starport, Marine  
  70  5:44  SCV  
  70  5:46  Factory Reactor  
  70  5:47  SCV  
  72  5:56  SCV  
  73  5:57  Marine x2  
  73  5:58  Combat Shields, Stimpack  
  73  6:00  Command Center  
  75  6:04  SCV  
  75  6:06  Refinery x2  
  75  6:08  SCV  
  77  6:15  Supply Depot  
  77  6:16  SCV  
  78  6:19  Supply Depot  
  78  6:20  SCV  
  78  6:25  Marine x3  
  82  6:28  SCV  
  82  6:32  Factory Reactor  
  83  6:33  SCV  
  83  6:39  Marine  
  85  6:40  Medivac, SCV  
  85  6:42  Marine  
  85  6:45  SCV  
  90  6:50  Medivac x2  
  90  6:52  SCV  
  92  6:55  Missile Turret  
  92  6:56  Missile Turret  
  92  6:57  SCV  
  92  6:58  Terran Infantry Weapons Level 1  
  92  6:59  Engineering Bay  
  90  7:01  Marine x2, Marauder  
  90  7:02  Missile Turret  
  90  7:04  SCV  
  90  7:05  Marine  
  93  7:09  Liberator x2, SCV  
  93  7:11  Widow Mine  
  95  7:17  SCV  
  95  7:19  Marine x2  
  95  7:21  SCV  
  99  7:23  Marauder  
  99  7:29  Missile Turret  
  107  7:30  SCV  
  108  7:39  SCV  
  108  7:42  Orbital Command  
  108  7:43  Barracks, Widow Mine x2  
  112  7:45  Marine  
  112  7:46  Barracks  
  112  7:48  SCV  
  110  7:51  Marine, SCV  
  110  8:00  SCV  
  110  8:03  Liberator, SCV  
  110  8:04  Supply Depot  
  112  8:07  Supply Depot  
  112  8:08  Liberator, Terran Infantry Armor Level 1  
  112  8:09  Fusion Core, SCV  
  113  8:12  SCV  
  113  8:15  SCV  
  114  8:25  SCV x2  
  114  8:26  Supply Depot  
  122  8:28  Supply Depot  
  122  8:30  Supply Depot, Marine  
  122  8:31  Marauder  
  122  8:33  Liberator  
  125  8:34  Barracks Reactor, Missile Turret  
  125  8:35  Armory, SCV  
  125  8:39  SCV  
  127  8:52  Marine x2  
  127  8:53  Liberator, Marauder  
  134  8:55  Marine  
  134  8:56  Marauder  
  134  8:57  SCV x2  
  134  9:01  SCV  
  125  9:09  SCV x2  
  113  9:10  Marine x2  
  113  9:13  SCV  
  113  9:14  Marauder  
  114  9:20  Marine x2  
  114  9:21  SCV x2  
  117  9:25  SCV  
  116  9:31  Advanced Ballistics  
  116  9:33  SCV  
  116  9:34  SCV  
  116  9:37  SCV  
  119  9:38  Liberator  
  119  9:39  Supply Depot  
  119  9:45  Marine, Marauder  
  122  9:46  SCV x2  
  122  9:48  Liberator  
  122  9:49  SCV  
  122  9:50  Marine  
  122  9:51  Marauder, Marine, Concussive Shells  
  127  9:58  SCV x2, Refinery  
  127  9:59  Marine, Refinery  
  132  10:00  Barracks Tech Lab  
  132  10:01  Liberator, SCV  
  132  10:02  Supply Depot  
  135  10:10  SCV x2  
  135  10:13  SCV, Missile Turret x2  
  138  10:16  Supply Depot, Marine, Marauder  
  144  10:22  SCV, Widow Mine x2  
  144  10:24  Marine  
  144  10:27  Marine x3, Marauder  
  153  10:30  SCV x2  
  153  10:34  Marine  
  156  10:36  Terran Infantry Weapons Level 2  
  156  10:38  Liberator, Marauder  
  157  10:51  Medivac  
  157  10:56  Marine x2, Marauder  
  166  10:58  Marine  
  166  10:59  Marine x2  
  166  11:01  SCV  
  166  11:02  SCV  
  160  11:12  Marine  
  160  11:14  Marine x2  
  160  11:16  Marine  
  160  11:17  Marine  
  141  11:22  Marine x2  
  141  11:23  SCV x2  
  139  11:30  Marauder  
  139  11:31  Command Center, Liberator, SCV  
  139  11:32  Marine x2  
  140  11:42  Liberator  
  140  11:53  Marine x4, Marauder x2  
  151  11:54  Sensor Tower  
  151  11:59  Medivac  
  151  12:00  Supply Depot  
  156  12:07  Starport  
  155  12:09  Terran Infantry Armor Level 2  
  155  12:11  Terran Ship Weapons Level 1  
  155  12:19  Liberator  
  155  12:22  Marine  
  155  12:30  Marine, Marauder  
  155  12:33  Supply Depot x2, Marine  
  155  12:34  Marine, Marauder  
  165  12:38  Liberator  
  165  12:42  Marine  
  165  12:43  Marauder  
  168  12:47  Marine  
  169  12:51  Marine, Marauder  
  170  13:07  Marine  
  170  13:08  Marauder  
  170  13:09  Liberator  
  170  13:11  Liberator  
  166  13:16  Marine  
  166  13:17  Marauder  
  168  13:24  Marine x3, Missile Turret  
  168  13:25  Marine  
  176  13:29  Viking, Marauder  
  180  13:36  Marine  
  180  13:38  Marauder  
  176  13:44  Terran Infantry Weapons Level 3  
  167  13:56  Planetary Fortress  
  167  13:58  Viking x2  
  169  14:11  Medivac  
  169  14:13  Medivac  
  169  14:16  Marine x3  
  169  14:17  Marauder  
  171  14:25  Marine x2, Marauder  
  169  14:33  Viking, Marine  
  169  14:38  Marauder  
  162  14:39  Viking  
  162  14:41  Viking  
  166  14:46  Viking  
  166  14:49  Medivac  
  166  14:52  Marine x4  
  173  14:56  Supply Depot  
  173  14:57  Supply Depot  
  172  15:03  Viking  
  174  15:12  Viking  
  171  15:15  Viking  
  171  15:16  Viking, Liberator  
  171  15:18  Terran Ship Weapons Level 2  
  175  15:27  Viking, Liberator  
  177  15:35  Marine x2, Marauder  
  182  15:41  Marine  
  182  15:42  Viking, Marauder  
  181  15:45  Liberator  
  181  15:47  Marine x2  
  185  15:53  Marine x2  
  186  15:57  Marauder  
  186  16:08  Viking  
  176  16:13  Marine  
  176  16:18  Marine  
  166  16:19  Marauder  
  166  16:20  Marine  
  166  16:21  Marine x2, Marauder  
  143  16:31  Marine, SCV x2  
  143  16:32  SCV  
  120  16:36  Marine  
  120  16:38  Marine  
  120  16:39  Marine x2  
  123  16:40  Marauder  
  123  16:41  Marine, SCV  
  123  16:44  SCV  
  123  16:45  SCV  
  127  16:48  Marine  
  128  16:58  Marine  
  128  16:59  Marine x4  
  128  17:01  Marine  
  133  17:06  Marine  
  109  17:16  Marine x2  
  109  17:17  Liberator, Marine x2, Marauder  
  109  17:18  Marine  
  109  17:22  SCV  
  100  17:23  SCV x2  
  100  17:24  Marine  
  100  17:34  Marine x3  
  100  17:35  Marine  
  90  17:39  Marine  
  90  17:42  Marine x2  
  91  17:44  SCV x2  
  90  17:52  Marine x3  
  90  17:56  Medivac  
  93  18:01  SCV, Refinery  
  93  18:02  Refinery  
  94  18:10  Marine  
  94  18:11  Marine x4  
  99  18:13  Medivac, SCV  
  99  18:16  Liberator  
  99  18:17  Liberator  
  99  18:19  SCV  
  103  18:24  SCV  
  105  18:37  Liberator, SCV x2  
  105  18:38  SCV  
  103  18:44  Medivac  
  103  18:47  Marine  
  109  18:57  Orbital Command, Liberator  
  109  18:59  Marine  
  109  19:02  Marine  
  111  19:05  Liberator  
  111  19:09  Liberator  
  113  19:22  Liberator  
  118  19:32  Marauder  
  118  19:35  Liberator  
  120  19:40  Marine  
  124  19:48  Liberator  
  124  19:52  Marine, Marauder  
  127  19:55  Marine  
  128  20:06  Marine  
  128  20:07  Marine, Marauder x2  
  137  20:15  Sensor Tower  
  136  20:26  Refinery  
  136  20:27  Refinery  
  139  20:32  Marine  
  139  20:33  Marine x2, Marauder  
  145  20:40  Marine  
  140  20:50  Marine, Marauder  
  140  20:55  Viking  
  140  20:56  Viking x4  
  143  20:59  Marine, Marauder  
  146  21:08  Liberator  
  146  21:13  Marine  
  146  21:14  Marine x4  
  146  21:23  Marauder  
  146  21:24  Marine  
  149  21:26  Viking x2  
  149  21:31  Viking  
  154  21:38  Marauder  
  154  21:50  Marine x4  
  154  21:51  Marine  
  157  21:55  Viking  
  157  22:00  Viking  
  157  22:01  Viking  
  156  22:02  Marine  
  155  22:08  Viking, Liberator  
  155  22:13  Liberator  
  142  22:30  Viking  
  141  22:39  Marine x3  
  141  22:40  Marauder  
  141  22:45  Liberator  
  141  22:48  Marine  
  141  22:49  Marauder  
  123  23:05  Marine  
  124  23:06  Orbital Command  
  124  23:11  Marine  
  114  23:25  Viking  
  108  23:27  Marine  
  104  23:35  Marine  
  104  23:40  Viking  
  103  23:47  Viking  
  105  23:54  Marine, Marauder  
  108  23:58  Marine  
  90  24:10  Marine x4  
  90  24:11  Marine  
  90  24:15  Marine x2  
Tags
 
Add a new tag
Caveats
  • Supply blocks, unpowered buildings, or Contaminate may cause inaccurate times.
  • Supply counts are checked every 10 seconds.